AoeStats
← minEng [Alca Torda]

Lombardia

509756529Analyzed
4v4 RM · 3d ago on Sep 27, 2026· 33m 23s· 8 players
Game mode
Random Map
Map size
Large (8 player)
Population
200
Speed
Normal
Resources
Standard
Victory
Conquest
Starting age
Dark Age
Ending age
Imperial Age
RankedLock teamsTeams togetherTeam positionsShared explorationLock speedFull tech treeHidden civsTurbo modeCheats
Victory
Defeat
🇪🇸 Burgundians · Spain
751
+15
🇹🇷 Persians · Türkiye
749
+15
🇸🇪 Saracens · Sweden
701
+17
🇹🇷 Franks · Türkiye
687
+17
🇨🇿 Spanish · Czechia
773
-19
🇵🇹 Persians · Portugal
758
-18
🇺🇸 Danes · United States
710
-15
🇨🇦 Khmer · Canada
633
-12
Trinitrotoluene
5:44 Loom
12:42 Feudal Age
14:15 Horse Collar
14:22 Double-Bit Axe
19:36 Castle Age
20:53 Bow Saw
21:20 Light Cavalry
21:22 Crossbowman
21:57 Fletching
25:56 Stone Mining
27:01 Padded Archer Armor
28:01 Town Watch
28:56 Wheelbarrow
29:32 Bodkin Arrow
29:53 Leather Archer Armor
33:16 Pikeman
TurulloMix
2:52 Wheelbarrow
2:26 Loom
7:20 Double-Bit Axe
9:38 Loom
13:59 Feudal Age
12:56 Horse Collar
15:10 Bow Saw
15:59 Stone Mining
17:34 Gold Mining
18:22 Stone Shaft Mining
20:05 Scale Barding Armor
20:10 Forging
22:45 Castle Age
21:40 Fletching
23:08 Gold Shaft Mining
23:40 Husbandry
24:10 Chain Barding Armor
23:14 Cavalier
25:44 Heavy Plow
31:37 Fervor
31:48 Sanctity
35:21 Imperial Age
33:19 Hand Cart
mulgezen
0:32 Loom
11:47 Feudal Age
13:07 Wheelbarrow
12:21 Double-Bit Axe
12:27 Gold Mining
12:36 Stone Mining
21:34 Castle Age
21:07 Forging
21:03 Scale Barding Armor
22:25 Husbandry
22:44 Hand Cart
22:59 Bow Saw
24:01 Gold Shaft Mining
26:43 Iron Casting
26:17 Caravan
32:29 Imperial Age
30:10 Light Cavalry
31:14 Chain Barding Armor
32:02 Town Watch
minEng [Alca Torda]
4:06 Loom
12:55 Feudal Age
15:50 Wheelbarrow
15:50 Double-Bit Axe
19:27 Horse Collar
21:10 Gold Mining
21:14 Stone Mining
27:18 Castle Age
28:57 Gold Shaft Mining
29:00 Stone Shaft Mining
28:44 Arson
29:06 Thumb Ring
29:14 Bloodlines
29:04 Husbandry
29:14 Scale Barding Armor
29:11 Scale Mail Armor
29:30 Squires
29:22 Pikeman
31:38 Caravan
33:18 Chain Mail Armor
33:13 Forging
yenepu
0:32 Loom
11:11 Feudal Age
13:27 Horse Collar
13:40 Double-Bit Axe
24:24 Castle Age
22:59 Wheelbarrow
24:11 Bloodlines
26:52 Husbandry
28:55 Heavy Plow
29:32 Bow Saw
30:38 Caravan
32:45 Pikeman
33:26 Squires
[UBC] Lobo
0:58 Loom
15:10 Feudal Age
15:39 Double-Bit Axe
15:37 Horse Collar
16:36 Wheelbarrow
17:05 Gold Mining
17:09 Stone Mining
24:53 Castle Age
24:28 Forging
24:09 Fletching
25:28 Scale Barding Armor
25:24 Scale Mail Armor
25:24 Padded Archer Armor
25:53 Squires
27:21 Bow Saw
27:17 Heavy Plow
31:25 Hand Cart
31:23 Pikeman
eric.ashmore
10:22 Feudal Age
11:42 Wheelbarrow
10:56 Double-Bit Axe
10:54 Horse Collar
22:54 Castle Age
24:04 Bow Saw
23:59 Heavy Plow
23:53 Stone Mining
23:56 Gold Mining
27:22 Squires
30:19 Gold Shaft Mining
30:24 Stone Shaft Mining
31:26 Murder Holes
32:09 Caravan
George_floyd
0:44 Loom
Connection lost

Rejoining the realm…

Still unreachable

The connection could not be restored.

Session expired

The server has moved on; the page needs a fresh start.